 Dungeon Crawl Stone Soup version 0.30-a0-1053-gbd8d5ba0ad (webtiles) character file.

Game seed: 7698641824020751404

410 Arzdou the Shooter (level 6, -1/30 HPs)
             Began as a Spriggan Hexslinger on Apr 11, 2023.
             Was an Initiate of Okawaru.
             Slain by a worm (7 damage)
             ... on level 4 of the Dungeon.
             The game lasted 00:14:18 (3097 turns).

Arzdou the Shooter (Spriggan Hexslinger)            Turns: 3097, Time: 00:14:18

Health: -1/30      AC:  3    Str:  6    XL:     6   Next: 58%
Magic:  18/18      EV: 18    Int: 14    God:    Okawaru [......]
Gold:   108        SH:  0    Dex: 18    Spells: 4/8 levels left

rFire   . . .      SeeInvis +    a - +1 sling
rCold   . . .      Faith    .    (no shield)
rNeg    . . .      Spirit   .    c - +0 robe
rPois   .          Reflect  .    (helmet restricted)
rElec   .          Rampage  .    r - +0 cloak
rCorr   .                        (gloves unavailable)
Will    +....                    (boots unavailable)
Stlth   ++                       (no amulet)
HPRegen 0.25/turn                t - ring of magical power
MPRegen 0.16/turn                (no ring)

@: very quick
A: very small, no large weapons, unfitting armour, see invisible, speed 3
a: Renounce Religion


You were on level 4 of the Dungeon.
You worshipped Okawaru.
Okawaru was noncommittal.
You visited 1 branch of the dungeon, and saw 4 of its levels.

You collected 108 gold pieces.

Inventory:

Hand Weapons
 a - a +1 sling (weapon)
 b - a +0 dagger of holy wrath
 j - a +0 dagger
Missiles
 f - a throwing net
Armour
 c - a +0 robe (worn)
 r - a +0 cloak (worn)
Jewellery
 t - a ring of magical power (left hand)
Scrolls
 d - a scroll of immolation {unknown}
 h - 3 scrolls of poison
 q - a scroll of noise {unknown}
 s - a scroll of torment {unknown}
 u - a scroll of vulnerability {unknown}
 v - a scroll of fog {unknown}
Potions
 e - 3 potions of heal wounds
 g - a potion of brilliance {unknown}
 i - a potion of flight {unknown}
 k - a potion of magic {unknown}
 l - 4 potions of curing
 n - a potion of ambrosia {unknown}
 o - a potion of might {unknown}


   Skills:
 + Level 2.3 Fighting
 + Level 0.4 Short Blades
 + Level 5.5 Ranged Weapons
 + Level 3.4 Dodging
 + Level 1.8 Stealth
 + Level 1.9 Spellcasting
 + Level 4.4 Hexes


You had 4 spell levels left.
You knew the following spells:

 Your Spells              Type           Power      Damage    Failure   Level
a - Slow                  Hex            52%        N/A       3%          1
b - Portal Projectile     Hex/Tloc       14%        N/A       28%         3

Your spell library contained the following spells:

 Spells                   Type           Power      Damage    Failure   Level
 Magic Dart               Conj           4%         1d3       24%         1
 Inner Flame              Hex/Fire       7%         N/A       28%         3
 Searing Ray              Conj           2%         2d4       36%         2
 Cause Fear               Hex            6%         N/A       36%         4
 Mephitic Cloud           Conj/Pois/Air  1%         N/A       58%         3
 Fulminant Prism          Conj/Hex       3%         3d5       67%         4
 Call Imp                 Summ           Unusable   N/A       N/A         2

Dungeon Overview and Level Annotations

Branches:
Dungeon (4/15)
 Temple: D:4-7

Altars:
Okawaru

Shops:
D:1 (   D:4 [*


Innate Abilities, Weirdness & Mutations

You are very small and have problems with some larger weapons.
You are too small for most types of armour.
You have supernaturally acute eyesight. (SInv)
You cover ground extremely quickly. (Speed+++)


Message History

You shoot a sling bullet. The sling bullet hits the worm.
The worm is heavily wounded.
You shoot a sling bullet. The sling bullet hits the worm.
The worm is heavily wounded.
The worm bites you but does no damage.
A worm comes into view.
You shoot a sling bullet. The sling bullet hits the worm.
The worm is severely wounded.
The worm bites you!
You shoot a sling bullet. The sling bullet hits the worm!
You kill the worm!
Okawaru accepts your kill. The rat bites you but does no damage.
You shoot a sling bullet. The sling bullet hits the rat.
You kill the rat!
Okawaru accepts your kill.
You shoot a sling bullet. The sling bullet hits the worm.
The worm is lightly wounded.
You shoot a sling bullet. The sling bullet hits the worm.
The worm is moderately wounded.
The worm closely misses you.
You shoot a sling bullet. The sling bullet hits the worm.
The worm is heavily wounded.
The worm closely misses you.
You shoot a sling bullet.
The sling bullet completely misses the worm.
You shoot a sling bullet. The sling bullet hits the worm.
The worm is severely wounded.
The worm bites you.
* * * LOW HITPOINT WARNING * * *
You shoot a sling bullet. The sling bullet hits the worm.
The worm is severely wounded.
The worm bites you.
* * * LOW HITPOINT WARNING * * *
You shoot a sling bullet. The sling bullet hits the worm.
The worm is severely wounded.
You shoot a sling bullet. The sling bullet hits the worm.
The worm is almost dead.
The worm bites you!
You die...

#............∩....#
#.................#
###.........#....>..#
............###.....#
.##.######### #.....#
#.# ###.### ..# #.#
#.## ####.# #.
##.w@.# .. #..#### #+
!......## ######. ..
... r~w. #r#~# ~~~~


You could see a worm.

Vanquished Creatures
  Grinder (D:3)
  A sleepcap (D:4)
  2 orc wizards (D:3)
  2 gnolls
  3 adders
  A river rat (D:4)
  4 worms
  3 dart slugs
  5 orcs (D:3)
  3 ball pythons
  5 endoplasms
  4 giant cockroaches
  6 goblins
  6 hobgoblins
  2 jackals (D:3)
  10 kobolds
  2 quokkas
  4 bats
  4 frilled lizards
  9 rats
77 creatures vanquished.

Notes
Turn   | Place    | Note
-------+----------+-------------------------------------------
     0 | D:1      | Arzdou the Spriggan Hexslinger began the quest for the Orb.
     0 | D:1      | Reached XP level 1. HP: 9/9 MP: 3/3
   129 | D:1      | Found Akobroh's Weapon Shop.
   211 | D:1      | Reached XP level 2. HP: 14/14 MP: 5/5
   833 | D:2      | Reached XP level 3. HP: 17/17 MP: 4/6
   996 | D:2      | Found a faded altar of an unknown god.
  1155 | D:2      | Reached skill level 3 in Ranged Weapons
  1155 | D:2      | Reached skill level 1 in Stealth
  1204 | D:2      | Reached skill level 1 in Fighting
  1663 | D:3      | Reached XP level 4. HP: 21/22 MP: 7/7
  1961 | D:3      | Noticed Grinder
  1973 | D:3      | Paralysed by Grinder for 2 turns
  1978 | D:3      | Paralysed by Grinder for 2 turns
  2200 | D:3      | Killed Grinder
  2201 | D:3      | Reached skill level 4 in Ranged Weapons
  2201 | D:3      | Reached XP level 5. HP: 19/26 MP: 8/8
  2201 | D:3      | Reached XP level 6. HP: 22/30 MP: 9/9
  2428 | D:3      | Reached skill level 5 in Ranged Weapons
  2783 | D:3      | Found an iron altar of Okawaru.
  2791 | D:3      | Became a worshipper of Warmaster Okawaru
  2972 | D:4      | Found Duur Kero's General Store.
  2972 | D:4      | Found Doexiyqe's Antique Armour Emporium.
  2982 | D:4      | Learned a level 3 spell: Portal Projectile
  3097 | D:4      | Slain by a worm

Illustrated notes

Levels and vault maps discovered:
D:1:      heliophobic_arrival_battle_scene, layout_basic, serial_shops, shop
D:2:      layout_loops_ring, ebering_ecumenical_altar_mist
D:3:      layout_loops_ring, okawaru_altar_gauntlet_db, minmay_misc_feat_room,
          minmay_mini_jars, uniq_grinder
D:4:      old_forge, layout_rooms, cheibriados_altar_1,
          nicolae_uskayaw_murder_on_the_dancefloor,
          mainiacjoe_overflow_brackets, serial_shops, nicolae_shop_behind_doors,
          nicolae_shop_waterfront, nicolae_shop_temple_entry_statues_fountains,
          nicolae_shop_waterfront, lightli_sewer_entry_pipes,
          hangedman_decor_peaks_small, nicolae_stop_n_shop_1, uniq_ijyb

Skill      XL: |  1  2  3  4  5  6 |
---------------+-------------------+-----
Hexes          | 4 |  4.4
Ranged Weapons | 3 4 5 |  5.5
Stealth        | 1 |  1.8
Fighting       | 1 2 |  2.3
Dodging        | 3 |  3.4
Short Blades   | |  0.4
Spellcasting   | |  1.9

Action                     |  1- 3 |  4- 6 || total
---------------------------+-------+-------++-------
  Melee: Dagger            |    16 |     9 ||    25
         Unarmed           |       |     9 ||     9
   Fire: Sling             |   115 |   145 ||   260
   Cast: Slow              |     6 |     4 ||    10
    Use: Scroll            |       |     4 ||     4
   Stab: Confused          |       |     1 ||     1
 Armour: Robe              |    11 |    10 ||    21
         Skin              |       |     1 ||     1
  Dodge: Dodged            |    73 |    56 ||   129

Table legend: (Time is in decaauts)
 A = Elapsed time spent in this place.
 B = Non-inter-level travel time spent in this place.
 C = Inter-level travel time spent in this place.
 D = Time resting spent in this place.
 E = Time spent auto-exploring this place.
 F = Levels seen in this place.
 G = Mean time per level.
                   A        B        C        D        E       F      G
               +--------+--------+--------+--------+--------+-----+--------+
         Total |   2255 |   2192 |     63 |      0 |   1600 |   4 |  563.8 |
       Dungeon |   2255 |   2192 |     63 |      0 |   1600 |   4 |  563.8 |
               +--------+--------+--------+--------+--------+-----+--------+

Top non-repeatable levels by time:
     D:3: 872 daAuts
     D:2: 769 daAuts
     D:1: 516 daAuts
     D:4: 97 daAuts
